 Dungeon Crawl Stone Soup version 0.18-a0-1805-g8ab820f (webtiles) character file.

387 graki42 the Slinger (level 7, -1/45 HPs)
             Began as a Halfling Hunter on Apr 26, 2016.
             Slain by a sky beast (4 damage)
             ... on level 4 of the Dungeon.
             The game lasted 00:09:33 (2338 turns).

graki42 the Slinger (Halfling Hunter)               Turns: 2338, Time: 00:09:34

Health: -1/45      AC:  5    Str: 12    XL:     7   Next: 6%
Magic:  7/7        EV: 15    Int: 10    God:
Gold:   166        SH:  0    Dex: 17    Spells: 0 memorised, 6 levels left

rFire  . . .     SeeInvis .     a - +1 hunting sling
rCold  . . .     Gourm    .     c - +0 leather armour
rNeg   . . .     Faith    .     (shield restricted)
rPois  .         Spirit   .     e - +0 helmet (curse)
rElec  .         Dismiss  .     (no cloak)
rCorr  .         Reflect  .     m - +0 pair of gloves (curse)
SustAt +         Harm     .     (no boots)
MR     .....                    (no amulet)
Stlth  ++........               t - ring of sustain attributes
                                g - ring of wizardry

@: not resistant to hostile enchantments, unstealthy
A: mutation resistance 1
a: no special abilities


You were on level 4 of the Dungeon.
You were not hungry.

You visited 1 branch of the dungeon, and saw 4 of its levels.

You collected 166 gold pieces.

Inventory:

Hand Weapons
 a - a +1 hunting sling (weapon)
 b - a +0 short sword
Missiles
 d - 14 sling bullets
 p - 126 stones (quivered)
Armour
 c - a +0 leather armour (worn)
 e - a cursed +0 helmet (worn)
 m - a cursed +0 pair of gloves (worn)
Jewellery
 g - a ring of wizardry (left hand)
 t - a ring of sustain attributes (right hand)
 v - an uncursed amulet of harm {unknown}
Wands
 s - a wand of disintegration (16/24)
 y - a wand of acid (7/15)
Scrolls
 h - 2 scrolls of enchant weapon {unknown}
 j - 4 scrolls of amnesia {unknown}
 l - a scroll of recharging {unknown}
 n - 2 scrolls of identify {unknown}
 q - 7 scrolls of remove curse {unknown}
 r - 2 scrolls of blinking {unknown}
 w - a scroll of teleportation {unknown}
 x - a scroll of fog {unknown}
 A - a scroll of random uselessness {unknown}
Potions
 i - a potion of degeneration {unknown}
 k - a potion of magic
 o - a potion of ambrosia {unknown}
 u - a potion of curing {unknown}
 z - a potion of brilliance {unknown}
Comestibles
 f - 3 bread rations
 B - a chunk of flesh


   Skills:
 + Level 2.3 Fighting
 + Level 0.3 Short Blades
 + Level 10.1 Slings
 + Level 2.0 Armour
 + Level 2.9 Dodging
 - Level 1.1 Stealth


You had 6 spell levels left.
You didn't know any spells.

Dungeon Overview and Level Annotations

Branches:
Dungeon (4/15)
 Temple: D:4-7

Altars:
Trog
The Shining One


Innate Abilities, Weirdness & Mutations

You are small and have problems with some larger weapons.
You are somewhat resistant to further mutation.


Message History

Firing (i - inventory. (,) - cycle):
p - 129 stones (quivered)
Press: ? - help, Shift-Dir - straight line You shoot a stone.
Something hits you. Something shocks you.
Firing (i - inventory. (,) - cycle):
p - 128 stones (quivered)
Press: ? - help, Shift-Dir - straight line You shoot a stone.
Something hits you. Something shocks you.
You clumsily bash something but do no damage.
Something hits you. Something shocks you.
* * * LOW HITPOINT WARNING * * *
Firing (i - inventory. (,) - cycle):
p - 127 stones (quivered)
Press: ? - help, Shift-Dir - straight line You shoot a stone.
Something hits you.
* * * LOW HITPOINT WARNING * * *
Something shocks you.
* * * LOW HITPOINT WARNING * * *
Wield which item (- for none, * to show all)? (? for menu, Esc to quit)
Okay, then.
Drink which item? (? for menu, Esc to quit)
It was a potion of magic.
Magic courses through your body. Something hits you.
You die...

# #.......# #. ##..(..##
#####.# ###...##
.......###.##'#######+#######+
#..<......................
#..#.#....................
.....#.#..≈........(....(...
...###.#...##(#######(#######+
.. #.<..##.@≈## #.(.# #
##..##.....###..(..#
....#.......#.......#
....#.......#.......#
#.......#...%...#
##.....###... ##...## #####


There were no monsters in sight!

Vanquished Creatures
  A sky beast (D:4)
  The ghost of wvc the Cutter, an amateur KoAs (D:3)
  A hound (D:3)
  Terence (D:3)
  3 worker ants
  An adder (D:2)
  2 oozes
  4 worms (D:2)
  A dart slug (D:3)
  A giant gecko (D:4)
  6 bats
  3 giant cockroaches
  8 goblins
  13 hobgoblins
  2 jackals (D:4)
  A quokka (D:4)
  A ball python (D:1)
  6 giant newts
  14 kobolds
  8 rats
78 creatures vanquished.

Notes
Turn   | Place    | Note
--------------------------------------------------------------
     0 | D:1      | graki42 the Halfling Hunter began the quest for the Orb.
     0 | D:1      | Reached XP level 1. HP: 14/14 MP: 1/1
    27 | D:1      | Reached skill level 6 in Slings
    71 | D:1      | Reached XP level 2. HP: 18/19 MP: 2/2
   215 | D:1      | Reached XP level 3. HP: 24/24 MP: 3/3
   741 | D:2      | Reached skill level 7 in Slings
   908 | D:2      | Reached XP level 4. HP: 25/29 MP: 4/4
  1187 | D:2      | Reached skill level 1 in Armour
  1392 | D:2      | Found a glowing golden altar of the Shining One.
  1477 | D:3      | Found a bloodstained altar of Trog.
  1531 | D:3      | Reached XP level 5. HP: 34/34 MP: 5/5
  1603 | D:3      | Reached skill level 8 in Slings
  1811 | D:3      | Noticed wvc's ghost (amateur KoAs)
  1818 | D:3      | Noticed Terence
  1850 | D:3      | Killed Terence
  1854 | D:3      | Killed wvc's ghost
  1854 | D:3      | Reached skill level 9 in Slings
  1854 | D:3      | Reached XP level 6. HP: 15/39 MP: 6/6
  2247 | D:4      | Noticed a sky beast
  2266 | D:4      | Killed a sky beast
  2266 | D:4      | Reached skill level 10 in Slings
  2266 | D:4      | Reached XP level 7. HP: 45/45 MP: 7/7
  2337 | D:4      | HP: 2/45 [something (6)]
  2338 | D:4      | Slain by a sky beast

Vault maps used:
D:1:      elethiomel_arrival_quiet, grunt_decor_arrowhead
D:2:      tso_altar
D:3:      bloody_trog, uniq_terence
D:4:      kennysheep_six_static_rooms, vehumet_altar_wand_db, first_bread,
          grunt_gozag_breadcrumbs, uniq_natasha

Skill      XL: |  1  2  3  4  5  6 |
---------------+-------------------+-----
Slings         | 6 7 9 10 | 10.1
Fighting       | 2 |  2.3
Armour         | 1 2 |  2.0
Short Blades   | |  0.3
Dodging        | |  2.9
Stealth        | |  1.1

Action                   |  1- 3 |  4- 6 |  7- 9 || total
-------------------------+-------+-------+-------++-------
Melee: Short sword       |    29 |     9 |       ||    38
       Hunting sling     |       |     1 |     1 ||     2
 Fire: Hunting sling     |    65 |   158 |    22 ||   245
Throw: Stone             |    23 |       |       ||    23
  Use: Potion            |       |       |     1 ||     1
  Eat: Chunk             |       |     3 |     1 ||     4
Armor: Leather armour    |    19 |     8 |     3 ||    30
Dodge: Dodged            |    32 |    37 |     7 ||    76
